 Dungeon Crawl Stone Soup version 0.27-a0-1281-ge233d83751 (webtiles) character file.

Game seed: 1861767486159729811

2714 Zonian the Destroyer (level 9, 0/52 HPs)
             Began as a Tengu Conjurer on June 13, 2021.
             Was a Believer of Dithmenos.
             Shot with an arrow by a centaur (16 damage)
             ... on level 7 of the Dungeon.
             The game lasted 00:15:49 (13197 turns).

Zonian the Destroyer (Tengu Conjurer)              Turns: 13197, Time: 00:15:49

Health: 0/52       AC:  4    Str:  9    XL:     9   Next: 66%
Magic:  5/17       EV: 16    Int: 27    God:    Dithmenos [**....]
Gold:   402        SH:  0    Dex: 12    Spells: 8/18 levels left

rFire    . . .     SeeInvis .   j - +0 whip (venom)
rCold    . . .     Faith    .   (no shield)
rNeg     . . .     Spirit   .   a - +1 robe
rPois    .         Reflect  .   (helmet restricted)
rElec    .         Harm     .   v - +0 cloak
rCorr    .         Rampage  .   (no gloves)
Will     .....                  (boots unavailable)
Stlth    ++++......             (no amulet)
HPRegen  0.17/turn              n - +6 ring of intelligence
MPRegen  0.15/turn              (no ring)

@: flying quickly and evasively, wreathed by umbra, quick
A: beak, talons 3, nimble flight
a: Renounce Religion, Shadow Step


You were on level 7 of the Dungeon.
You worshipped Dithmenos.
Dithmenos was pleased with you.
You visited 1 branch of the dungeon, and saw 7 of its levels.

You collected 402 gold pieces.

Inventory:

Hand Weapons
 d - a +0 short sword
 j - a +0 whip of venom (weapon)
 m - a +3 flail
 r - a +3 mace
Armour
 a - a +1 robe (worn)
 v - a +0 cloak (worn)
Magical Staves
 A - a staff of air
Jewellery
 n - a +6 ring of intelligence (left hand)
Wands
 k - a wand of flame (34)
 s - a wand of polymorph (9)
Scrolls
 f - 2 scrolls of silence
 h - a scroll of enchant armour
 o - 3 scrolls of magic mapping
 q - 4 scrolls of teleportation
 x - a scroll of identify
 y - a scroll of fog {unknown}
 z - a scroll of vulnerability {unknown}
Potions
 b - 3 potions of haste
 c - 2 potions of curing
 e - 2 potions of degeneration
 g - a potion of magic
 i - a potion of ambrosia {unknown}
 l - 2 potions of heal wounds {unknown}
 p - 2 potions of flight
 t - a potion of berserk rage {unknown}
 u - 2 potions of invisibility
 w - a potion of cancellation {unknown}


   Skills:
 + Level 4.6 Fighting
 - Level 1.4 Short Blades
 - Level 2.9 Maces & Flails
 + Level 5.9 Dodging
 + Level 5.6 Stealth
 + Level 5.2 Spellcasting
 + Level 8.9 Conjurations
 + Level 5.8 Air Magic
 - Level 1.0 Invocations


You had 8 spell levels left.
You knew the following spells:

 Your Spells              Type           Power      Damage    Failure   Level
a - Magic Dart            Conj           100%       1d8       1%          1
b - Searing Ray           Conj           100%       3d7       1%          2
c - Static Discharge      Conj/Air       47%        N/A       1%          2
d - Lightning Bolt        Conj/Air       23%        1d39      10%         5

Your spell library contained the following spells:

 Spells                   Type           Power      Damage    Failure   Level
 Dazzling Flash           Conj/Hex       62%        N/A       3%          3
 Animate Skeleton         Necr           14%        N/A       7%          1
 Apportation              Tloc           14%        N/A       7%          1
 Corona                   Hex            7%         N/A       7%          1
 Summon Small Mammal      Summ           28%        N/A       7%          1
 Fulminant Prism          Conj/Hex       15%        3d11      11%         4
 Iskenderun's Mystic Bla  Conj/Tloc      31%        2d8       11%         4
 Sticky Flame             Conj/Fire      31%        2d5       11%         4
 Confusing Touch          Hex            7%         N/A       22%         3
 Gell's Gravitas          Tloc           3%         N/A       22%         3
 Freezing Cloud           Conj/Ice/Air   16%        6-21      26%         5
 Petrify                  Tmut/Erth      7%         N/A       56%         4
 Metabolic Englaciation   Hex/Ice        3%         N/A       89%         5
 Yara's Violent Unravell  Hex/Tmut       3%         3d4       89%         5


Dungeon Overview and Level Annotations

Branches:
Dungeon (7/15)
 Temple: D:4-7

Altars:
Ashenzari
Cheibriados
Dithmenos
Fedhas
Hepliaklqana
Ru
Trog
Xom
The Shining One


Innate Abilities, Weirdness & Mutations

You have a beak for a mouth.
You have claws for feet.
Your magical nature lets you fly swiftly and evasively.


Message History

Unknown command.
Casting: Magic Dart (safe; 1% risk of failure)
Confirm with . or Enter, or press ? or * to list all spells.
Aiming: Searing Ray (safe; 1% risk of failure)
Press: ? - help, Shift-Dir - straight line, f - yak
Aim: a yak (90% to hit)
The searing ray hits the yak!
The yak is moderately wounded. (Press . to maintain the ray.) Unknown command.
Unknown command.
Unknown command.
The orc shouts!
The magic dart hits the orc.
The orc is almost dead.
The centaur shouts!
The centaur shoots an arrow.
The arrow hits you!
The magic dart hits the orc!
You kill the orc!
Dithmenos accepts your kill.
The centaur shoots an arrow.
The arrow hits you!
The magic dart hits the centaur.
The centaur is moderately wounded.
The centaur shoots an arrow.
The arrow closely misses you.
The magic dart hits the centaur.
The centaur is heavily wounded.
Unknown command.
The magic dart hits the centaur.
The centaur is severely wounded.
The centaur shoots an arrow.
The arrow completely misses you.
The centaur shoots an arrow.
The arrow closely misses you.
The magic dart hits the centaur.
The centaur is severely wounded.
The centaur shoots an arrow.
The arrow hits you.
You are too injured to fight recklessly!
You are too injured to fight recklessly!
Unknown command.
The centaur shoots an arrow.
The arrow hits you!
The centaur shoots an arrow.
The arrow hits you!
You die...

#.# #......c. ... ........#
#.##........# .#
#.##........# #.#
#.##.###..... ... # #.##.#
##### #.# #.##.##.# #.#
#..[.<..# ##########.#
####.#### #≈@≈≈≈≈[.≈.# #..
##.## ##≈#≈≈≈≈≈≈..####.#
#...####≈≈##≈≈≈≈)≈.#.##.###
#.#...##≈≈≈##≈≈)≈≈........#
#...#..#######Y≈c≈.#.#.....
######........≈≈≈≈.#†#..#..
#######.≈≈≈≈≈≈#.#.<.Y.
#..≈≈≈≈≈......Y.
#..≈≈≈≈..##.#.#.


You could see a yak and a centaur.

Vanquished Creatures
  An unseen horror (D:6)
  Prince Ribbit (D:5)
  2 yaks (D:7)
  Menkaure (D:6)
  4 sky beasts
  2 ogres
  2 phantoms (D:6)
  A bullfrog (D:7)
  2 scorpions
  2 wyvern zombies
  2 water moccasin skeletons
  A centaur zombie (D:6)
  A bullfrog zombie (D:6)
  A bullfrog skeleton (D:5)
  5 hounds
  2 jellies (D:6)
  An orc priest (D:3)
  Jessica (D:2)
  3 iguanas
  2 orc wizards
  A scorpion zombie (D:5)
  10 gnolls
  7 adders
  A shadow imp (D:6)
  A white imp (D:5)
  2 worms (D:2)
  6 dart slugs
  18 orcs
  4 endoplasms
  2 giant cockroaches
  6 goblins
  7 hobgoblins
  7 jackals
  3 quokkas
  8 ball pythons
  3 bats
  2 frilled lizards
  8 kobolds
  5 rats
138 creatures vanquished.

Vanquished Creatures (others)
  A steam dragon (D:6)
  A bullfrog (D:6)
  An orc wizard (D:6)
  An adder (D:6)
  6 plants (D:7)
10 creatures vanquished.

Grand Total: 148 creatures vanquished

Notes
Turn   | Place    | Note
-------+----------+-------------------------------------------
     0 | D:1      | Zonian the Tengu Conjurer began the quest for the Orb.
     0 | D:1      | Reached XP level 1. HP: 10/10 MP: 4/4
   168 | D:1      | Reached XP level 2. HP: 6/15 MP: 1/6
   174 | D:1      | Learned a level 2 spell: Searing Ray
   402 | D:1      | Found a faded altar of an unknown god.
   558 | D:1      | Became a worshipper of Dithmenos the Shadowed
   558 | D:1      | Reached * piety under Dithmenos
   806 | D:1      | Reached skill level 6 in Conjurations
  1084 | D:1      | Reached XP level 3. HP: 19/19 MP: 5/7
  2209 | D:2      | Noticed Jessica
  2214 | D:2      | Killed Jessica
  2215 | D:2      | Reached skill level 1 in Short Blades
  2215 | D:2      | Reached XP level 4. HP: 20/24 MP: 1/8
  3735 | D:3      | Reached ** piety under Dithmenos
  3940 | D:3      | Gained mutation: Your magical nature lets you fly swiftly
                  | and evasively. [Tengu growth]
  3940 | D:3      | Reached XP level 5. HP: 28/28 MP: 3/10
  4519 | D:3      | Reached skill level 1 in Invocations
  4540 | D:3      | Identified a scroll of acquirement
  4540 | D:3      | Acquired the Grimoire of Attacks
  4545 | D:3      | Learned a level 2 spell: Static Discharge
  5684 | D:4      | Reached skill level 1 in Fighting
  5684 | D:4      | Reached XP level 6. HP: 31/34 MP: 3/12
  5706 | D:4      | Reached skill level 1 in Air Magic
  6023 | D:4      | Reached skill level 1 in Maces & Flails
  6343 | D:4      | Learned a level 5 spell: Lightning Bolt
  6490 | D:4      | Reached XP level 7. HP: 38/38 MP: 8/13
  7033 | D:4      | Found a blossoming altar of Fedhas.
  7251 | D:4      | Reached skill level 7 in Conjurations
  7346 | D:5      | Entered Level 5 of the Dungeon
  7346 | D:5      | Found a snail-covered altar of Cheibriados.
  7879 | D:5      | Noticed Prince Ribbit
  7890 | D:5      | Killed Prince Ribbit
  7968 | D:5      | Reached XP level 8. HP: 35/45 MP: 7/15
  9582 | D:6      | Found a glowing golden altar of the Shining One.
 10363 | D:6      | Killed an unseen horror
 10364 | D:6      | Reached skill level 5 in Dodging
 10364 | D:6      | Reached skill level 8 in Conjurations
 10713 | D:6      | Found a hazy altar of Hepliaklqana.
 10782 | D:6      | Reached XP level 9. HP: 38/52 MP: 9/17
 11302 | D:6      | Noticed Menkaure
 11304 | D:6      | Reached skill level 5 in Stealth
 11304 | D:6      | Reached skill level 5 in Air Magic
 11307 | D:6      | Killed Menkaure
 11507 | D:6      | Found a shimmering altar of Xom.
 11631 | D:6      | Found a sacrificial altar of Ru.
 11637 | D:6      | Found a bloodstained altar of Trog.
 11795 | D:6      | Found a broken altar of Ashenzari.
 11825 | D:6      | Reached skill level 5 in Spellcasting
 13197 | D:7      | Shot with an arrow by a centaur

Illustrated notes

Levels and vault maps discovered:
D:1:      noname_arrival_rooms_in_the_neighbourhood, layout_basic,
          basic_ecumenical_altar
D:2:      layout_basic, corexii_corridor_pit, roderic_serpentine_path,
          uniq_jessica
D:3:      layout_rooms, grunt_ministairs_8
D:4:      layout_cave_pods, kennysheep_mini, chequers_serial_rivers_room_b,
          st_stairs_8, hangedman_decor_diamond_cutter, minmay_starry_boxes
D:5:      layout_loops_cross, nicolae_overflow_hidden_temple,
          uniq_prince_ribbit1
D:6:      layout_loops_ring, minmay_overflow_temple_star_quad,
          kennysheep_little_box, xom_confusion_cloud, tso_altar, uniq_menkaure
D:7:      layout_loops_cross, lemuel_round_altar,
          minmay_temple_entry_gardened_gates, chequers_serial_rivers_large_a

Skill      XL: |  1  2  3  4  5  6  7  8  9 |
---------------+----------------------------+-----
Conjurations   | 6 7 8 |  8.9
Short Blades   | 1 |  1.4
Spellcasting   | 3 4 5 |  5.2
Invocations    | 1 |  1.0
Fighting       | 1 2 3 4 |  4.6
Dodging        | 3 4 5 |  5.9
Air Magic      | 1 3 4 5 |  5.8
Maces & Flails | 1 2 |  2.9
Stealth        | 3 4 5 |  5.6

Action                   |  1- 3 |  4- 6 |  7- 9 || total
-------------------------+-------+-------+-------++-------
Melee: Short sword       |    20 |       |       ||    20
       Kick              |     4 |     9 |     4 ||    17
       Whip              |     3 |    26 |    14 ||    43
       Peck              |     2 |     2 |     3 ||     7
 Cast: Magic Dart        |    52 |   115 |   145 ||   312
       Searing Ray       |     2 |     8 |    33 ||    43
       Static Discharge  |       |       |     5 ||     5
  Use: Scroll            |       |    11 |     4 ||    15
 Stab: Sleeping          |       |       |     1 ||     1
Armor: Robe              |     7 |     4 |    14 ||    25
Dodge: Dodged            |    21 |    35 |    75 ||   131

Table legend: (Time is in decaauts)
 A = Elapsed time spent in this place.
 B = Non-inter-level travel time spent in this place.
 C = Inter-level travel time spent in this place.
 D = Time resting spent in this place.
 E = Time spent auto-exploring this place.
 F = Levels seen in this place.
 G = Mean time per level.
                   A        B        C        D        E       F      G
               +--------+--------+--------+--------+--------+-----+--------+
         Total |  12928 |  12650 |    278 |   7280 |   4378 |   7 | 1846.9 |
       Dungeon |  12928 |  12650 |    278 |   7280 |   4378 |   7 | 1846.9 |
               +--------+--------+--------+--------+--------+-----+--------+

Top non-repeatable levels by time:
     D:6: 2942 daAuts
     D:2: 2247 daAuts
     D:4: 2218 daAuts
     D:1: 1811 daAuts
     D:5: 1802 daAuts
     D:3: 1135 daAuts
     D:7: 771 daAuts
